 Dungeon Crawl Stone Soup version 0.19.4 (webtiles) character file.

3530 vatarom the Party-goer (level 10, 0/47 HPs)
             Began as a Vine Stalker Assassin on Feb 5, 2017.
             Was an Initiate of Uskayaw.
             Succumbed to a killer bee's poison
             ... on level 8 of the Dungeon.
             The game lasted 00:18:19 (6149 turns).

vatarom the Party-goer (Vine Stalker Assassin)      Turns: 6149, Time: 00:18:20

Health: 0/47       AC:  7    Str: 15    XL:     10   Next: 8%
Magic:  11/17      EV: 14    Int:  9    God:    Uskayaw [......]
Gold:   124        SH:  5    Dex: 18    Spells: 1 memorised, 8 levels left

rFire  . . .     SeeInvis .     n - +0 dagger (flame)
rCold  . . .     Gourm    .     c - +0 robe
rNeg   . . .     Faith    .     (no shield)
rPois  .         Spirit   +     t - +2 hat
rElec  .         Reflect  +     d - +2 cloak
rCorr  .         Harm     .     (no gloves)
MR     +....                    (no boots)
Stlth  +++.......               D - +5 amulet of reflection
                                (no ring)
                                (no ring)

@: lethally poisoned (0 -> -4)
A: fangs 3, dopey 1, frail 1, regeneration 1, magic shield, antimagic bite, no
device heal 3, rot immunity
a: Renounce Religion


You were on level 8 of the Dungeon.
You worshipped Uskayaw.
Uskayaw was aware of your devotion.
You were very full.

You visited 2 branches of the dungeon, and saw 9 of its levels.

You collected 298 gold pieces.
You spent 174 gold pieces at shops.

Inventory:

Hand Weapons
 a - a +0 dagger of chaos
 b - a +0 blowgun
 l - a +2 dagger of chaos
 n - a +0 dagger of flaming (weapon)
Missiles
 e - 38 poisoned needles
 k - 4 needles of confusion
 w - 10 curare-tipped needles (quivered)
 C - 3 needles of paralysis
Armour
 c - a +0 robe (worn)
 d - a +2 cloak (worn)
 t - a +2 hat (worn)
Magical Staves
 H - an uncursed staff of conjuration {unknown}
Jewellery
 u - an uncursed ring of fire
 z - an uncursed ring of loudness
 D - a +5 amulet of reflection (around neck)
Wands
 f - a wand of digging (5/24)
 B - a wand of lightning (10/15)
 G - a wand of flame (35/48)
Scrolls
 g - a scroll of enchant weapon {unknown}
 h - a scroll of magic mapping
 o - 2 scrolls of recharging
 q - 9 scrolls of identify
 x - 2 scrolls of immolation
 y - 2 scrolls of remove curse
 A - 5 scrolls of amnesia
 I - a scroll of enchant armour
Potions
 i - 3 potions of curing
 m - 2 potions of invisibility
 E - a potion of experience {unknown}
 F - a potion of might
 J - a potion of ambrosia {unknown}
Books
 s - Sif Muna's Catalogue of Displacement
   (You found it on level 2 of the Dungeon)

   Spells                             Type                      Level
   a - Apportation                    Translocation                1
Comestibles
 j - 4 meat rations
 p - a beef jerky
 r - a slice of pizza
 v - 15 fruits


   Skills:
 + Level 6.1 Fighting
 - Level 4.6 Short Blades
 - Level 1.7 Throwing
 - Level 4.6 Armour
 * Level 3.9 Dodging
 - Level 4.8 Stealth
 - Level 8.8 Invocations


You had 8 spell levels left.
You knew the following spells:

 Your Spells              Type           Power        Failure   Level  Hunger
a - Apportation           Tloc           #.........   38%         1    ##.....


Dungeon Overview and Level Annotations

Branches:
Dungeon (8/15)             Temple (1/1) D:5
   Lair: D:8-11

Altars:
Ashenzari
Cheibriados
Dithmenos
Elyvilon
Fedhas
Gozag
Hepliaklqana
Kikubaaqudgha
Makhleb
Nemelex Xobeh
Okawaru
Qazlal
Ru
Sif Muna
Trog
Uskayaw
Vehumet
Xom
Yredelemnul
Zin
The Shining One

Shops:
D:4 %   D:6 !


Innate Abilities, Weirdness & Mutations

You have razor-sharp teeth.
Your natural rate of healing is unusually fast.
When hurt, damage is shared between your health and your magic reserves.
Your bite disrupts and absorbs the magic of your enemies.
Potions and wands cannot restore your health.
You are immune to rotting.
You are dopey. (Int -2)
You are frail. (-10% HP)


Message History

The killer bee is lightly wounded.
* * * LOW HITPOINT WARNING * * *
You feel sick. The killer bee barely misses you.
You block the killer bee's attack.
You stomp with the beat, sending a shockwave through the revelers around you!
The killer bee is heavily wounded.
You feel somewhat less full.
You can no longer stomp with the beat.
The killer bee barely misses you. The killer bee stings you.
You are more poisoned.
The killer bee poisons you!
You hit the killer bee but do no damage.
Your bite misses the killer bee.
The killer bee is heavily wounded.
* * * LOW HITPOINT WARNING * * *
You feel sick. The killer bee misses you. The killer bee closely misses you.
You hit the killer bee but do no damage.
You bite the killer bee, but do no damage.
The killer bee is heavily wounded.
You die...

##.###### ....... ......
..... .. #... .. #.. #.
#y# #. ##@## #.#######
##...## #.#...... ###
##.....## #.#.##### ...
##.......## #...####
#.###.........####......##
#.............+...........
#.............####...##.##
##
####.#.......######..##.##
.
#....##.....###.........))


You could see a killer bee.

Vanquished Creatures
  The ghost of Thrillho the Thaumaturge, a novice DEFE of Vehumet (D:6)
  Grinder (D:6)
  A hippogriff (D:7)
  A hungry ghost (D:8)
  Edmund (D:4)
  2 phantoms
  A sky beast (D:7)
  2 ice beasts (D:7)
  2 orc warriors (D:7)
  2 ogres
  A centaur (D:7)
  A scorpion (D:6)
  7 killer bees (D:8)
  4 wights (D:7)
  5 crimson imps
  A bullfrog zombie (D:5)
  A centaur zombie (D:7)
  A jelly (D:6)
  6 orc priests
  9 orc wizards
  A bullfrog skeleton (D:6)
  4 worker ants
  A hound skeleton (D:7)
  A worker ant zombie (D:3)
  7 gnolls
  8 adders
  2 howler monkey skeletons (D:7)
  4 adder skeletons
  A worm (D:2)
  3 dart slugs
  8 leopard geckos
  20 orcs
  4 bats
  7 giant cockroaches
  8 goblins
  5 hobgoblins
  7 jackals
  9 kobolds
  A quokka (D:6)
  A jackal zombie (D:7)
  A leopard gecko skeleton (D:6)
  15 rats
168 creatures vanquished.

Vanquished Creatures (others)
  A phantom (D:4)
1 creature vanquished.

Grand Total: 169 creatures vanquished

Notes
Turn   | Place    | Note
-------+----------+-------------------------------------------
     0 | D:1      | vatarom the Vine Stalker Assassin began the quest for the Orb.
     0 | D:1      | Reached XP level 1. HP: 11/11 MP: 2/2
    55 | D:1      | Reached skill level 1 in Dodging
   103 | D:1      | Reached XP level 2. HP: 12/15 MP: 3/3
   625 | D:2      | Reached XP level 3. HP: 18/18 MP: 4/4
   655 | D:2      | Found a blossoming altar of Fedhas.
   759 | D:2      | Noticed a moth of wrath
   762 | D:2      | Found a bloodstained altar of Trog.
  1090 | D:2      | Gained mutation: Your natural rate of healing is unusually fast. [Vine Stalker growth]
  1090 | D:2      | Reached XP level 4. HP: 11/23 MP: 5/5
  1131 | D:2      | Found an ancient bone altar of Kikubaaqudgha.
  1185 | D:2      | Found a shattered altar of Ashenzari.
  1317 | D:2      | Found a deep blue altar of Sif Muna.
  1319 | D:2      | Found a radiant altar of Vehumet.
  1323 | D:2      | Identified Sif Muna's Catalogue of Displacement
  1369 | D:2      | Learned a level 1 spell: Apportation
  1607 | D:3      | Found a sacrificial altar of Ru.
  1857 | D:3      | Reached XP level 5. HP: 25/26 MP: 6/6
  2131 | D:3      | Found a shimmering altar of Xom.
  2218 | D:3      | Learned a level 1 spell: Apportation
  2558 | D:4      | Noticed a phantom
  2559 | D:4      | Found Ijogobb's Food Shop.
  2567 | D:4      | Banished a phantom
  2567 | D:4      | Reached skill level 1 in Armour
  2611 | D:4      | Noticed an ogre
  2628 | D:4      | Killed an ogre
  2628 | D:4      | Reached XP level 6. HP: 17/30 MP: 2/7
  2825 | D:4      | Noticed Edmund
  2838 | D:4      | Killed Edmund
  2838 | D:4      | Reached XP level 7. HP: 8/34 MP: 1/8
  3253 | D:5      | Entered Level 5 of the Dungeon
  3351 | D:5      | Found a shadowy altar of Dithmenos.
  3717 | D:5      | Found a staircase to the Ecumenical Temple.
  3723 | Temple   | Entered the Ecumenical Temple
  3749 | Temple   | Became a worshipper of Uskayaw the Reveler
  3855 | D:5      | Found a hazy altar of Hepliaklqana.
  3858 | D:5      | Found a shimmering altar of Xom.
  3858 | D:5      | Noticed a thorn hunter
  3859 | D:5      | Noticed a spectral ugly thing
  3859 | D:5      | Noticed a thorn hunter
  3974 | D:6      | Noticed Thrillho's ghost (novice DEFE)
  3975 | D:6      | Noticed Grinder
  4039 | D:6      | Reached * piety under Uskayaw
  4054 | D:6      | Found Yzuriud's Distillery.
  4066 | D:6      | Bought a potion of mutation for 30 gold pieces
  4066 | D:6      | Bought a potion of might for 48 gold pieces
  4066 | D:6      | Bought a potion of invisibility for 96 gold pieces
  4066 | D:6      | Gained mutation: You are frail. (-10% HP) [potion of mutation]
  4066 | D:6      | Gained mutation: You are dopey. (Int -2) [potion of mutation]
  4172 | D:6      | Reached ** piety under Uskayaw
  4179 | D:6      | Gained mutation: You have razor-sharp teeth. [Vine Stalker growth]
  4179 | D:6      | Reached XP level 8. HP: 26/34 MP: 3/9
  4237 | D:6      | Reached skill level 1 in Invocations
  4440 | D:6      | Reached *** piety under Uskayaw
  4441 | D:6      | Killed Thrillho's ghost
  4441 | D:6      | Reached skill level 3 in Invocations
  4444 | D:6      | Reached **** piety under Uskayaw
  4448 | D:6      | Reached ***** piety under Uskayaw
  4456 | D:6      | Killed Grinder
  4456 | D:6      | Reached skill level 4 in Invocations
  4675 | D:6      | Found a sacrificial altar of Ru.
  4974 | D:7      | Reached skill level 5 in Invocations
  4995 | D:7      | Reached XP level 9. HP: 28/40 MP: 10/14
  5054 | D:7      | Reached skill level 6 in Invocations
  5187 | D:7      | Found an iron altar of Okawaru.
  5283 | D:7      | Reached skill level 7 in Invocations
  5303 | D:7      | Reached skill level 5 in Fighting
  5506 | D:7      | Reached skill level 8 in Invocations
  5683 | D:8      | Reached XP level 10. HP: 7/47 MP: 17/17
  6144 | D:8      | HP: 2/47 [killer bee (1)]
  6149 | D:8      | Succumbed to a killer bee's poison

Skill      XL: |  1  2  3  4  5  6  7  8  9 10 |
---------------+-------------------------------+-----
Short Blades   | 2 3 4 |  4.6
Dodging        | 1 2 3 |  3.9
Armour         | 2 3 4 |  4.6
Fighting       | 3 5 6 |  6.1
Invocations    | 5 8 |  8.8
Throwing       | |  1.7
Stealth        | |  4.8

Action                   |  1- 3 |  4- 6 |  7- 9 | 10-12 || total
-------------------------+-------+-------+-------+-------++-------
Melee: Dagger            |    96 |   151 |   443 |    74 ||   764
       Bite              |    24 |    50 |   160 |    20 ||   254
 Fire: Blowgun           |       |     4 |     1 |       ||     5
Invok: Line Pass         |       |       |     1 |       ||     1
       Stomp             |       |       |     2 |     2 ||     4
  Use: Potion            |     2 |     3 |     3 |     1 ||     9
       Scroll            |     2 |     6 |     4 |       ||    12
 Stab: Sleeping          |     5 |     5 |    12 |     1 ||    23
       Paralysed         |       |       |    12 |     1 ||    13
       Petrified         |       |       |     2 |       ||     2
  Eat: Chunk             |     1 |     3 |       |       ||     4
       Meat ration       |       |     2 |       |       ||     2
       Bread ration      |       |       |     2 |     2 ||     4
Armor: Robe              |    37 |    23 |    84 |    12 ||   156
Dodge: Dodged            |    77 |    74 |   192 |    49 ||   392
Block: Other             |       |       |    39 |    17 ||    56
